Map: Efflorescence LE

Players

OpuS - Winner!

  • Race: Protoss Protoss
  • League: Platinum
  • Spawn Location: 3:00

Sketchaphone - Winner!

  • Race: Zerg Zerg
  • League: Platinum
  • Spawn Location: 12:00

Aryb

  • Race: Protoss Protoss
  • League: Platinum
  • Spawn Location: 6:00

DeHaKa

  • Race: Protoss Protoss
  • League: Diamond
  • Spawn Location: 9:00

VOD

Have the link to the VOD?

Description

Time

  • Played on: Feb. 19, 2019, 8:42 p.m.
  • Length: 12:20
Show
View Real Time Build Order
Export as new Build Order

OpuS Protoss - Winner!

Build Orders:  

Get SALT Encoding   

  12  0:00  Probe  
  13  0:13  Probe  
  14  0:18  Pylon  
  14  0:25  Probe  
  15  0:39  Gateway  
  15  0:43  Probe  
  16  0:51  Probe  
  16  0:53  Assimilator  
  16  0:56  Assimilator  
  17  1:00  Probe  
  18  1:09  Gateway  
  18  1:19  Probe  
  19  1:25  Cybernetics Core  
  19  1:36  Pylon  
  19  1:39  Probe  
  19  1:46  Pylon  
  20  1:47  Probe  
  21  2:06  Stalker  
  23  2:08  Stalker  
  23  2:12  Warp Gate  
  25  2:17  Probe  
  26  2:27  Shield Battery  
  26  2:29  Probe  
  27  2:34  Stalker  
  28  2:44  Stalker  
  28  2:48  Probe  
  31  3:19  Nexus  
  31  3:23  Pylon  
  31  3:33  Probe  
  32  3:40  Stargate  
  32  3:45  Probe  
  33  3:52  Pylon  
  33  3:57  Probe  
  28  4:32  Void Ray  
  28  4:33  Stalker x2  
  31  4:38  Probe x2  
  31  4:43  Twilight Council  
  36  5:00  Zealot x2  
  36  5:06  Gateway  
  40  5:07  Gateway  
  40  5:12  Probe x2  
  42  5:21  Oracle  
  42  5:24  Probe x2, Charge  
  47  5:36  Probe x2  
  49  5:47  Pylon  
  49  5:48  Probe x2  
  51  6:00  Probe x2  
  53  6:10  Zealot x3  
  59  6:12  Zealot, Probe x2  
  63  6:23  Void Ray  
  63  6:24  Probe  
  63  6:25  Probe  
  69  6:30  Robotics Facility  
  69  6:38  Probe x2  
  71  6:50  Probe x2  
  71  6:52  Zealot x2  
  77  6:55  Assimilator  
  77  6:56  Pylon  
  77  6:59  Shield Battery  
  77  7:00  Pylon  
  77  7:02  Assimilator  
  77  7:05  Dark Shrine  
  77  7:07  Probe  
  78  7:10  Observer  
  78  7:14  Probe, Void Ray  
  84  7:28  Observer  
  84  7:29  Pylon  
  84  7:31  Pylon  
  84  7:34  Zealot x2  
  84  7:35  Zealot x2  
  93  7:56  Zealot x3, Gateway  
  93  7:57  Zealot, Gateway  
  101  8:06  Void Ray  
  105  8:14  Gateway  
  105  8:19  Gateway  
  105  8:21  Pylon  
  103  8:38  Void Ray  
  93  8:47  Blink  
  81  9:11  Dark Templar x5  
  81  9:13  Zealot x2, Void Ray  
  89  9:21  Probe  
  89  9:22  Probe  
  93  9:36  Nexus  
  93  9:49  Templar Archives  
  75  10:15  Pylon  
  75  10:20  Pylon  
  75  10:21  Fleet Beacon  
  71  10:23  Stargate  
  71  10:29  Probe x2  
  71  10:34  Void Ray  
  77  10:36  Stalker x4  
  77  10:41  Probe  
  86  10:51  Stalker x2  
  86  10:52  Stalker  
  92  10:59  Probe  
  92  11:00  Probe x2  
  95  11:08  Stalker x2  
  95  11:10  Stalker  
  101  11:15  Probe x3  
  102  11:27  Stalker x3  
  105  12:05  Probe x3  
  105  12:06  Zealot x5  
  105  12:07  Zealot x3  
Show
View Real Time Build Order
Export as new Build Order

Sketchaphone Zerg - Winner!

Build Orders: Hatch First 

Get SALT Encoding   

  12  0:02  Drone  
  13  0:13  Overlord  
  13  0:18  Drone  
  13  0:21  Extractor  
  13  0:24  Drone  
  15  0:37  Drone x2  
  17  0:58  Hatchery  
  17  1:01  Drone  
  17  1:03  Drone  
  18  1:07  Extractor  
  17  1:26  Spawning Pool  
  17  1:28  Drone  
  17  1:29  Drone  
  18  1:51  Drone  
  18  1:52  Overlord x2  
  19  2:13  Metabolic Boost  
  19  2:17  Queen  
  19  2:19  Queen  
  23  2:23  Drone  
  23  2:29  Drone  
  25  2:31  Drone  
  25  2:34  Drone  
  27  2:49  Roach Warren  
  26  2:52  Drone x2  
  26  2:55  Zergling x2  
  29  3:00  Drone  
  29  3:02  Overlord  
  30  3:07  Drone  
  30  3:08  Zergling x2  
  32  3:14  Overlord  
  32  3:20  Zergling x2  
  33  3:28  Roach  
  33  3:29  Roach x2  
  33  3:32  Roach  
  41  3:38  Drone  
  41  3:40  Roach  
  44  3:41  Roach  
  44  3:43  Drone  
  47  3:52  Roach  
  47  3:53  Roach  
  49  4:12  Zergling x12  
  54  4:17  Overlord  
  54  4:20  Drone x2  
  54  4:22  Overlord  
  56  4:29  Zergling x2  
  57  4:33  Drone  
  57  4:37  Spore Crawler  
  57  4:38  Spore Crawler  
  51  5:00  Zergling x14  
  53  5:08  Overlord, Drone x2  
  53  5:10  Lair  
  53  5:12  Roach  
  45  5:28  Pneumatized Carapace  
  45  5:29  Overlord x2  
  45  5:38  Drone x4  
  49  5:45  Spore Crawler  
  49  5:48  Spore Crawler  
  49  5:49  Drone x2  
  49  5:50  Drone  
  49  5:51  Hatchery  
  49  5:58  Overlord  
  49  6:02  Drone  
  49  6:03  Drone  
  51  6:05  Extractor  
  51  6:06  Drone x3  
  53  6:31  Overlord  
  53  6:33  Overlord, Hydralisk Den  
  53  6:35  Drone  
  53  6:40  Overlord, Extractor  
  53  6:41  Drone, Extractor  
  52  6:47  Evolution Chamber  
  52  6:48  Evolution Chamber  
  50  6:54  Queen  
  50  6:58  Drone x3  
  50  6:59  Drone x6  
  60  7:23  Queen  
  60  7:28  Zerg Missile Weapons Level 1  
  60  7:29  Zerg Ground Armor Level 1  
  62  7:30  Zergling x4  
  62  7:31  Zergling x4  
  66  7:39  Grooved Spines  
  66  7:40  Glial Reconstitution  
  66  7:46  Extractor x2  
  64  7:53  Drone x6  
  64  7:56  Hatchery  
  69  7:59  Infestation Pit  
  69  8:05  Hydralisk x3  
  70  8:09  Drone  
  70  8:10  Drone x4  
  78  8:32  Roach  
  73  8:37  Hive  
  73  8:38  Burrow  
  73  8:39  Drone  
  73  8:44  Zergling x2  
  73  8:45  Zergling x6, Hydralisk x2  
  73  8:46  Zergling x10  
  85  9:03  Drone x3  
  88  9:22  Overlord  
  112  9:42  Spire  
  107  9:50  Muscular Augments  
  105  9:53  Zerg Missile Weapons Level 2  
  105  10:00  Queen  
  99  10:23  Nydus Network  
  99  10:25  Drone x3  
  95  10:42  Drone x3, Extractor  
  97  10:43  Drone  
  97  10:44  Extractor  
  95  10:55  Corruptor x6  
  105  10:58  Zergling x28  
  119  11:15  Overlord x2  
  117  11:33  Corruptor  
  117  11:34  Corruptor x4  
  124  11:59  Hatchery  
  117  12:08  Hatchery  
Show
View Real Time Build Order
Export as new Build Order

Aryb Protoss 

Build Orders: Oracle Opening, Carriers 

Get SALT Encoding   

  12  0:01  Probe  
  13  0:13  Probe  
  14  0:19  Pylon  
  14  0:26  Probe  
  15  0:38  Gateway  
  15  0:41  Probe  
  16  0:59  Probe  
  16  1:03  Pylon  
  17  1:05  Assimilator  
  17  1:12  Assimilator  
  17  1:13  Probe  
  18  1:25  Cybernetics Core  
  18  1:43  Probe  
  18  1:46  Pylon  
  19  1:51  Probe  
  20  2:01  Probe  
  20  2:04  Protoss Air Weapons Level 1  
  21  2:13  Probe  
  21  2:15  Pylon  
  22  2:25  Probe  
  22  2:28  Stargate  
  23  2:57  Pylon  
  23  3:00  Pylon  
  23  3:02  Oracle  
  23  3:03  Pylon  
  23  3:06  Pylon  
  26  3:29  Oracle  
  26  3:39  Nexus  
  29  3:56  Assimilator  
  29  4:00  Assimilator  
  26  4:19  Probe  
  23  4:27  Probe  
  22  4:37  Probe  
  24  4:49  Probe  
  25  5:01  Probe  
  23  5:12  Probe  
  23  5:13  Void Ray  
  20  5:20  Probe  
  23  5:30  Probe  
  23  5:33  Pylon  
  23  5:34  Pylon  
  24  5:37  Pylon  
  24  5:38  Probe  
  24  5:40  Pylon  
  24  5:42  Probe  
  26  5:51  Probe  
  26  5:54  Probe  
  28  6:03  Probe  
  29  6:06  Probe  
  29  6:11  Void Ray  
  30  6:18  Probe x2  
  36  6:30  Probe  
  36  6:31  Probe  
  38  6:42  Probe  
  38  6:43  Probe  
  40  6:52  Probe x2  
  40  7:00  Probe x2  
  44  7:09  Probe x2  
  46  7:21  Probe x2  
  48  7:25  Fleet Beacon  
  48  7:30  Probe  
  48  7:31  Probe  
  50  7:38  Probe  
  50  7:39  Probe  
  52  7:48  Probe x2  
  53  7:55  Carrier  
  54  7:58  Shield Battery  
  54  8:00  Shield Battery  
  54  8:06  Probe  
  61  8:17  Stargate  
  61  8:20  Pylon  
  50  8:50  Stalker  
  50  8:54  Carrier  
  52  8:59  Carrier  
  50  9:42  Carrier  
  46  9:49  Carrier  
  52  10:35  Probe x2  
  53  10:41  Carrier  
  54  10:46  Carrier  
  54  10:47  Probe  
  54  10:48  Probe  
  68  10:59  Probe  
  68  11:00  Probe  
  70  11:11  Probe  
  70  11:12  Probe  
  72  11:23  Probe  
  72  11:24  Probe  
  74  11:38  Probe  
  74  11:39  Probe  
  76  11:50  Probe  
  76  11:51  Probe  
  78  12:03  Probe x2  
Show
View Real Time Build Order
Export as new Build Order

DeHaKa Protoss 

Build Orders:  

Get SALT Encoding   

  12  0:01  Probe  
  13  0:16  Pylon  
  13  0:19  Probe  
  14  0:25  Assimilator  
  14  0:37  Gateway  
  14  0:39  Probe  
  15  0:47  Probe  
  15  0:55  Probe  
  17  1:10  Probe  
  18  1:13  Assimilator  
  18  1:16  Pylon  
  18  1:24  Cybernetics Core  
  18  1:34  Probe  
  19  1:46  Probe  
  20  1:50  Pylon  
  20  1:51  Warp Gate  
  20  2:00  Robotics Facility  
  20  2:06  Stalker  
  22  2:11  Probe  
  23  2:23  Probe  
  24  2:53  Nexus  
  24  3:02  Immortal  
  28  3:21  Assimilator  
  28  3:25  Assimilator  
  28  3:29  Pylon  
  28  3:41  Observer  
  29  3:54  Immortal  
  29  3:56  Stalker  
  33  4:35  Stalker  
  33  4:36  Probe x2  
  35  4:43  Pylon, Gateway  
  35  4:44  Probe x2  
  39  4:53  Probe x2  
  39  5:02  Stalker  
  39  5:07  Probe  
  39  5:08  Probe  
  39  5:13  Immortal  
  45  5:24  Probe  
  45  5:25  Stalker, Probe  
  48  5:33  Probe x2  
  49  5:38  Stalker  
  53  5:44  Probe  
  53  5:46  Forge  
  53  5:49  Probe  
  55  5:56  Stalker, Probe  
  58  6:00  Protoss Ground Weapons Level 1  
  58  6:06  Stalker  
  60  6:14  Probe x2  
  62  6:25  Sentry  
  64  6:26  Probe x2  
  64  6:30  Immortal  
  70  6:35  Pylon  
  70  6:38  Probe x2  
  61  6:50  Probe  
  61  6:52  Shield Battery  
  62  6:54  Shield Battery  
  62  6:56  Sentry x2  
  66  7:02  Probe  
  67  7:15  Immortal  
  71  7:21  Sentry x2  
  75  7:25  Probe  
  76  7:34  Gateway  
  76  7:37  Probe  
  77  7:38  Pylon  
  77  7:39  Pylon  
  77  7:59  Stalker  
  77  8:00  Stalker  
  77  8:04  Immortal  
  85  8:11  Twilight Council  
  57  8:46  Stalker x3  
  41  9:10  Stalker x3  
  41  9:13  Immortal  
  41  9:36  Stalker x3  
  28  10:01  Stalker x3  
  10  10:20  Probe  
  11  10:33  Probe  
  12  10:45  Probe  
  13  10:57  Probe  
  14  11:39  Nexus  
Tags
 
Add a new tag
Caveats
  • Supply blocks, unpowered buildings, or Contaminate may cause inaccurate times.
  • Supply counts are checked every 10 seconds.